 Dungeon Crawl Stone Soup version 0.19-a0-1260-gc94d3f7 (webtiles) character file.

64 truemonolith the Skirmisher (level 3, -1/31 HPs)
             Began as a Demigod Wanderer on Aug 28, 2016.
             Slain by a hobgoblin
             ... wielding a +0 club
              (3 damage)
             ... on level 2 of the Dungeon.
             The game lasted 00:02:32 (1651 turns).

truemonolith the Skirmisher (Demigod Wanderer)      Turns: 1651, Time: 00:02:33

Health: -1/31      AC:  3    Str: 16    XL:     3   Next: 64%
Magic:  6/6        EV: 11    Int: 16    God:
Gold:   107        SH:  0    Dex: 16    Spells: 0 memorised, 2 levels left

rFire  . . .     SeeInvis .     p - +1 dagger (speed)
rCold  . . .     Gourm    .     d - +0 robe
rNeg   . . .     Faith    .     (no shield)
rPois  .         Spirit   .     h - +0 helmet
rElec  .         Dismiss  .     (no cloak)
rCorr  .         Reflect  .     (no gloves)
MR     .....     Harm     .     (no boots)
Stlth  ++........               (no amulet)
                                (no ring)
                                (no ring)

@: lethally poisoned (-1 -> -9)
A: high mp 1
a: no special abilities


You were on level 2 of the Dungeon.
You were not hungry.

You visited 1 branch of the dungeon, and saw 2 of its levels.

You collected 107 gold pieces.

Inventory:

Hand Weapons
 b - a +0 quarterstaff
 e - a +0 dagger
 p - a +1 dagger of speed (weapon)
Armour
 d - a +0 robe (worn)
 h - a +0 helmet (worn)
Jewellery
 q - a cursed -3 ring of intelligence {unknown}
Wands
 a - a wand of enslavement (15/24)
Scrolls
 c - 2 scrolls of teleportation
 g - 3 scrolls of noise {unknown}
 i - a scroll of fear {unknown}
 k - 2 scrolls of random uselessness {unknown}
 l - a scroll of identify {unknown}
 m - a scroll of amnesia {unknown}
 n - 3 scrolls of remove curse {unknown}
 o - a scroll of fog {unknown}


   Skills:
 - Level 3.0 Fighting
 + Level 1.8 Short Blades
 - Level 2.0 Staves
 - Level 1.5 Throwing
 - Level 2.9 Stealth
 - Level 1.5 Evocations


You had 2 spell levels left.
You didn't know any spells.

Dungeon Overview and Level Annotations

Branches:
Dungeon (2/15)


Innate Abilities, Weirdness & Mutations

You have an increased reservoir of magic. (+10% MP)


Message History

* * * LOW HITPOINT WARNING * * *
You feel sick.
* * * LOW HITPOINT WARNING * * *
You feel sick.
A hobgoblin comes into view. It is wielding a club.
* * * LOW HITPOINT WARNING * * *
You feel sick.
The hobgoblin shouts!
Found a silvery potion.
Found a stone staircase leading up.
You completely miss the hobgoblin. You hit the hobgoblin.
The hobgoblin is severely wounded.
* * * LOW HITPOINT WARNING * * *
You feel sick. The hobgoblin misses you.
You hit the hobgoblin.
The hobgoblin is almost dead.
You closely miss the hobgoblin.
The hobgoblin is almost dead.
The hobgoblin hits you with a club.
You die...

#...#
.....####
........
........
...!<... ..
...# ## ..
#.##..#.# #.
#.@g....# #.
#.##......
#.###.# ..(##
#.
#.†...####.##
#.
##.........#
#.
#.........#
#.#
#.....###..#
#.. ##.....#
## #..
#......#
#+####..


You could see a hobgoblin.

Vanquished Creatures
  2 adders (D:2)
  An ooze (D:2)
  2 dart slugs (D:1)
  A giant gecko (D:1)
  A giant cockroach (D:1)
  6 goblins
  2 hobgoblins (D:1)
  7 kobolds
  7 bats
  A giant newt (D:1)
  6 rats
36 creatures vanquished.

Notes
Turn   | Place    | Note
-------+----------+-------------------------------------------
     0 | D:1      | truemonolith the Demigod Wanderer began the quest for the Orb.
     0 | D:1      | truemonolith set off with: a wand of enslavement (15/24), a +0 quarterstaff, a scroll of teleportation, a +0 robe, a +0 dagger, a bread ration
     0 | D:1      | Reached XP level 1. HP: 18/18 MP: 3/3
   664 | D:1      | Reached XP level 2. HP: 19/25 MP: 5/5
  1073 | D:1      | Reached skill level 3 in Fighting
  1273 | D:2      | Reached XP level 3. HP: 30/31 MP: 6/6
  1285 | D:2      | Reached skill level 1 in Short Blades
  1596 | D:2      | Found a faded altar of an unknown god.
  1651 | D:2      | Slain by a hobgoblin

Vault maps used:
D:1:      dpeg_arrival_round_c, minivault_27, minmay_misc_feat_secret_circle
D:2:      ecumenical_altar_1, tso_altar

Skill      XL: |  1  2  3 |
---------------+----------+-----
Staves         | 2 |  2.0
Fighting       | 3 |  3.0
Short Blades   | 1 |  1.8
Throwing       | |  1.5
Stealth        | |  2.9
Evocations     | |  1.5

Action                   || total
-------------------------++-------
Melee: Quarterstaff      ||    53
       Dagger            ||    65
  Use: Potion            ||     1
 Stab: Sleeping          ||     7
  Eat: Bread ration      ||     1
Armor: Robe              ||    36
Dodge: Dodged            ||    97
